 Dungeon Crawl Stone Soup version 0.29-a0-187-ga23d9638d5 (webtiles) character file.

Game seed: 8549101818955891043

592 drugrobin the Grasshopper (level 6, -1/48 HPs)
             Began as a Demigod Warper on Feb 21, 2022.
             Killed by nerve-wracking pain
             ... invoked by Menkaure
              (9 damage)
             ... on level 5 of the Dungeon.
             The game lasted 00:18:45 (6804 turns).

drugrobin the Grasshopper (Demigod Warper)          Turns: 6804, Time: 00:18:46

Health: -1/48      AC: 11    Str: 20    XL:     6   Next: 94%
Magic:  10/11      EV:  8    Int: 15    God:
Gold:   236        SH:  0    Dex: 13    Spells: 0/8 levels left

rFire   . . .      SeeInvis .   b - +0 hand crossbow
rCold   . . .      Faith    .   (no shield)
rNeg    . . .      Spirit   .   B - +2 chain mail {rPois}
rPois   +          Reflect  .   (no helmet)
rElec   .          Harm     .   (no cloak)
rCorr   .          Rampage  .   y - +0 pair of gloves
Will    .....                   (no boots)
Stlth   ..........              (no amulet)
HPRegen 0.16/turn               (no ring)
MPRegen 0.12/turn               (no ring)

@: no status effects
A: high MP 1, forlorn, divine attributes
a: no special abilities


You were on level 5 of the Dungeon.
You visited 1 branch of the dungeon, and saw 5 of its levels.

You collected 236 gold pieces.

Inventory:

Hand Weapons
 a - a +0 trident
 b - a +0 hand crossbow (weapon)
 f - a +0 hunting sling
 o - a +0 shortbow
 t - a +0 spear
 A - a +0 halberd
Missiles
 d - 3 boomerangs of dispersal (quivered)
 e - 4 poisoned darts
 l - 192 stones
 x - a throwing net
Armour
 n - a +0 leather armour
 y - a +0 pair of gloves (worn)
 B - a +2 chain mail of poison resistance (worn)
Wands
 u - a wand of flame (17)
Scrolls
 c - a scroll of blinking
 h - a scroll of noise {unknown}
 i - a scroll of magic mapping {unknown}
 k - 2 scrolls of amnesia {unknown}
 p - a scroll of torment {unknown}
Potions
 g - a potion of berserk rage {unknown}
 j - 2 potions of mutation {unknown}
 m - 2 potions of resistance {unknown}
 q - a potion of might {unknown}
 r - a potion of curing {unknown}
 s - a potion of cancellation {unknown}
 v - a potion of magic {unknown}
 w - a potion of lignification {unknown}
 z - a potion of invisibility {unknown}


   Skills:
 - Level 1.7 Fighting
 + Level 5.0 Polearms
 - Level 0.8 Throwing
 - Level 0.8 Armour
 - Level 1.7 Dodging
 - Level 2.0 Stealth
 - Level 1.7 Spellcasting
 + Level 5.4 Translocations


You couldn't memorise any spells.
You knew the following spells:

 Your Spells              Type           Power      Damage    Failure   Level
a - Blink                 Tloc           34%        N/A       41%         2
b - Teleport Other        Tloc           17%        N/A       65%         3
c - Gell's Gravitas       Tloc           17%        N/A       65%         3

Your spell library contained the following spells:

 Spells                   Type           Power      Damage    Failure   Level
 Lesser Beckoning         Tloc           17%        N/A       65%         3
 Shock                    Conj/Air       4%         1d3       95%         1
 Swiftness                Air            1%         N/A       100%        3
 Airstrike                Air            0%         N/A       100%        4
 Leda's Liquefaction      Hex/Erth       0%         N/A       100%        4
 Lee's Rapid Deconstruct  Erth           0%         3d5*      100%        5
 Manifold Assault         Tloc           17%        N/A       100%        5
 Statue Form              Tmut/Erth      0%         N/A       100%        6


Dungeon Overview and Level Annotations

Branches:
Dungeon (5/15)
 Temple: D:4-7

Annotations:
D:3 Sigmund
D:5 Menkaure


Innate Abilities, Weirdness & Mutations

You have an increased reservoir of magic. (+10% MP)
You shall have no god before yourself.
Your divine heritage dramatically boosts your attributes as you level up.


Message History

A water moccasin skeleton comes into view.
Found a scroll labelled ONAEDEATHU.
Unknown command.
b - a +0 hand crossbow (weapon)
Casting: Blink (dangerous; 41% risk of failure)
Confirm with . or Enter, or press ? or * to list all spells.
You are still too unstable to blink.
Shoot: b) +0 hand crossbow
Press: ? - help, Shift-Dir - straight line, f/p - Menkaure
Aim: Menkaure (severely damaged, fast)
You shoot a bolt. The bolt hits Menkaure.
Menkaure is almost destroyed.
You feel stable enough to blink again. Menkaure hits you!
* * * LOW HITPOINT WARNING * * *
Menkaure closely misses you.
Unknown command.
Unknown command.
Shoot: b) +0 hand crossbow
Press: ? - help, Shift-Dir - straight line, f/p - Menkaure
Aim: Menkaure (almost destroyed, fast)
You shoot a bolt.
The bolt hits Menkaure but does no damage.
Menkaure is almost destroyed.
Menkaure barely misses you. Menkaure closely misses you. Menkaure hits you.
* * * LOW HITPOINT WARNING * * *
Unknown command.
Unknown command.
Unknown command.
Unknown command.
Unknown command.
Shoot: b) +0 hand crossbow
Press: ? - help, Shift-Dir - straight line, f/p - Menkaure
Aim: Menkaure (almost destroyed, fast)
You shoot a bolt. The bolt completely misses Menkaure.
The bolt closely misses the water moccasin skeleton.
A water moccasin comes into view.
Menkaure points at you and mumbles some strange words.
Pain shoots through your body!
You die...

.# .## ..## ... ... #
#.# ...
S..######.#.....
.......@MZ....?.
...######.#..... #.#
... #.# # #.# ###
#########.# ##.## ##
#.........# ##.#.##
##.##
#.###.....####.###.##
##.#.###.#
#.#.......## ##.#


You could see a water moccasin (wandering), Menkaure (fast) and a water moccasin
skeleton.

Vanquished Creatures
  An ogre (D:4)
  A phantom (D:3)
  A howler monkey (D:4)
  A hound (D:4)
  2 orc priests
  2 iguanas (D:4)
  A scorpion zombie (D:4)
  An orc wizard (D:4)
  A howler monkey zombie (D:5)
  4 gnolls
  4 adders
  3 shadow imps (D:3)
  A white imp (D:4)
  3 worms
  A dart slug (D:2)
  7 orcs
  6 ball pythons
  4 bats (D:1)
  9 endoplasms
  3 giant cockroaches
  6 goblins
  6 hobgoblins
  4 jackals (D:1)
  3 kobolds
  A quokka (D:3)
  4 frilled lizards
  4 rats
84 creatures vanquished.

Vanquished Creatures (others)
  A fungus (D:2)
  11 plants
12 creatures vanquished.

Grand Total: 96 creatures vanquished

Notes
Turn   | Place    | Note
-------+----------+-------------------------------------------
     0 | D:1      | drugrobin the Demigod Warper began the quest for the Orb.
     0 | D:1      | Reached XP level 1. HP: 17/17 MP: 5/5
   293 | D:1      | Reached XP level 2. HP: 19/24 MP: 7/7
   457 | D:1      | Reached skill level 1 in Stealth
   638 | D:1      | Learned a level 2 spell: Blink
  1213 | D:2      | Reached XP level 3. HP: 29/29 MP: 8/8
  2407 | D:3      | Learned a level 3 spell: Teleport Other
  2409 | D:3      | Found a transporter.
  2433 | D:3      | Found a transporter.
  2475 | D:3      | Reached XP level 4. HP: 32/36 MP: 6/9
  2772 | D:3      | Noticed Sigmund
  3318 | D:4      | Noticed a phantom
  3637 | D:3      | Killed a phantom
  3638 | D:3      | Reached XP level 5. HP: 39/41 MP: 6/10
  4919 | D:4      | Found a large runed translucent door.
  4919 | D:4      | Found a large runed translucent door.
  4940 | D:4      | Reached XP level 6. HP: 29/48 MP: 11/11
  5089 | D:4      | Found a large runed translucent door.
  5089 | D:4      | Found a large runed translucent door.
  5140 | D:4      | Reached skill level 5 in Translocations
  5156 | D:4      | Learned a level 3 spell: Gell's Gravitas
  5492 | D:4      | Upgraded the game from 0.29-a0-121-g8efb068a30 to
                  | 0.29-a0-187-ga23d9638d5
  6089 | D:4      | Found the +9 sword of Zonguldrok {reap}
  6537 | D:5      | Entered Level 5 of the Dungeon
  6600 | D:5      | Reached skill level 5 in Polearms
  6792 | D:5      | Noticed Menkaure
  6804 | D:5      | Noticed a water moccasin
  6804 | D:5      | Killed from afar by Menkaure

Illustrated notes

Levels and vault maps discovered:
D:1:      dpeg_arrival_ternary, layout_loops_ring, minmay_pentomino_z4
D:2:      layout_loops_cross, shapermc_ecumenical_altar_petra, basic_altar,
          guppyfry_early_orc_mine
D:3:      gammafunk_wand_slinger, layout_basic,
          chequers_temple_overflow_statue_of_worship,
          nicolae_elyvilon_temple_path, mainiacjoe_overflow_surrounded_room,
          uniq_sigmund
D:4:      wad_lake_hut, layout_basic, minivault_24,
          minmay_hollow_rounded_squares
D:5:      layout_loops_corners, grunt_dithmenos_shadows,
          nicolae_gozag_seed_capital, ebering_ghost_reflecting_pool,
          uniq_crazy_yiuf_cottage, uniq_menkaure

Skill      XL: |  1  2  3  4  5  6 |
---------------+-------------------+-----
Polearms       | 2 3 4 5 |  5.0
Stealth        | 1 2 |  2.0
Translocations | 3 4 5 |  5.4
Fighting       | |  1.7
Throwing       | |  0.8
Armour         | |  0.8
Dodging        | |  1.7
Spellcasting   | |  1.7

Action                   |  1- 3 |  4- 6 || total
-------------------------+-------+-------++-------
Melee: Spear             |   114 |    40 ||   154
       Punch             |     1 |     1 ||     2
       Trident           |       |   121 ||   121
 Fire: Hand crossbow     |    30 |    57 ||    87
Throw: Dart              |     2 |     4 ||     6
       Boomerang         |       |     2 ||     2
 Cast: Blink             |     2 |    16 ||    18
       Teleport Other    |       |     2 ||     2
Evoke: Wand              |       |     9 ||     9
 Stab: Sleeping          |     4 |     2 ||     6
Armor: Leather armour    |    34 |    20 ||    54
       Chain mail        |       |    14 ||    14
Dodge: Dodged            |    50 |    62 ||   112

Table legend: (Time is in decaauts)
 A = Elapsed time spent in this place.
 B = Non-inter-level travel time spent in this place.
 C = Inter-level travel time spent in this place.
 D = Time resting spent in this place.
 E = Time spent auto-exploring this place.
 F = Levels seen in this place.
 G = Mean time per level.
                   A        B        C        D        E       F      G
               +--------+--------+--------+--------+--------+-----+--------+
         Total |   6836 |   6617 |    219 |   2378 |   2569 |   5 | 1367.2 |
       Dungeon |   6836 |   6617 |    219 |   2378 |   2569 |   5 | 1367.2 |
               +--------+--------+--------+--------+--------+-----+--------+

Top non-repeatable levels by time:
     D:4: 2017 daAuts
     D:3: 1924 daAuts
     D:2: 1606 daAuts
     D:1: 1014 daAuts
     D:5: 272 daAuts
